 Dungeon Sprint DCSS version 0.27.1-1-g398f81649c (webtiles) character file.

Game seed: 5592220006032697752

149 ugugthedestroyer the Slasher (level 5, -8/44 HPs)
             Began as a Demonspawn Gladiator on Sept 7, 2021.
             Was a Believer of Makhleb.
             Mangled by a tarantella (12 damage)
             ... in the Dungeon (Sprint V: "Ziggurat Sprint").
             The game lasted 00:03:15 (378 turns).

ugugthedestroyer the Slasher (Demonspawn Gladiator)  Turns: 378, Time: 00:03:15

Health: -8/44      AC:  4    Str: 27    XL:     5   Next: 9%
Magic:  6/8        EV: 14    Int: 10    God:    Makhleb [**....]
Gold:   0          SH:  0    Dex: 14    Spells: 4/4 levels left

rFire    . . .     SeeInvis .   A - +11 plutonium sword {Contam Stlth-}
rCold    . . .     Faith    .   (shield currently unavailable)
rNeg     . . .     Spirit   .   b - +0 leather armour
rPois    .         Reflect  .   c - +0 helmet
rElec    .         Harm     .   (no cloak)
rCorr    .         Rampage  .   (no gloves)
Will     .....     NoTele   +   (no boots)
Stlth    ..........             (no amulet)
HPRegen  0.14/turn              x - +6 ring of strength
MPRegen  0.11/turn              y - +6 ring of strength

@: confused
A: hooves 1, demonic guardian 1, foul stench 1
a: Renounce Religion, Minor Destruction


You were in the Dungeon.
You worshipped Makhleb.
Makhleb was pleased with you.
You visited 1 branch

Inventory:

Hand Weapons
 A - the +11 plutonium sword (weapon) {Contam Stlth-}
   (You found it in the Dungeon)

   It occasionally inflicts wild transmutation effects on those it strikes,
   inflicting malmutation or extra damage, or polymorphing them into a new form.
   Contam:    It causes magical contamination when unequipped.
   Stlth:     It makes you less stealthy.
Armour
 b - a +0 leather armour (worn)
 c - a +0 helmet (worn)
Jewellery
 s - a ring of flight
 t - a +6 ring of dexterity
 u - a +6 ring of dexterity
 v - a +6 ring of intelligence
 w - a +6 ring of intelligence
 x - a +6 ring of strength (left hand)
 y - a +6 ring of strength (right hand)
Scrolls
 j - 4 scrolls of blinking
 o - 4 scrolls of amnesia
 p - 7 scrolls of fog
 q - 5 scrolls of identify
 r - 2 scrolls of fear
Potions
 d - 2 potions of brilliance
 e - 10 potions of curing
 f - 9 potions of heal wounds
 g - 6 potions of haste
 h - 7 potions of magic
 i - 3 potions of berserk rage
 k - 2 potions of invisibility
 l - 4 potions of resistance
 n - 5 potions of might


   Skills:
 + Level 5.4 Fighting
 + Level 6.3 Long Blades
 - Level 1.7 Throwing
 + Level 2.9 Armour
 + Level 5.7 Dodging
 - Level 0.2 Stealth
 * Level 4.5 Invocations
 + Level 2.4 Evocations


You had 4 spell levels left.
You didn't know any spells.
Your spell library contained the following spells:

 Spells                   Type           Power      Damage    Failure   Level
 Hailstorm                Conj/Ice       0%         3d3       99%         4
 Ice Form                 Ice/Tmut       0%         N/A       99%         4
 Summon Ice Beast         Ice/Summ       0%         N/A       99%         4
 Simulacrum               Ice/Necr       0%         N/A       100%        6
 Spellforged Servitor     Conj/Summ      0%         N/A       100%        7
 Dragon's Call            Summ           0%         N/A       100%        9


Dungeon Overview and Level Annotations

Branches:
Dungeon (1/1)

Altars:
Ashenzari
Cheibriados
Dithmenos
Elyvilon
Fedhas
Gozag
Hepliaklqana
Kikubaaqudgha
Makhleb
Nemelex Xobeh
Okawaru
Qazlal
Ru
Sif Muna
Trog
Uskayaw
Vehumet
Wu Jian
Xom
Yredelemnul
Zin
The Shining One
Beogh
Jiyva
Lugonu

Annotations:
D 1 transporter


Innate Abilities, Weirdness & Mutations

You have large cloven feet.
A weak demonic guardian rushes to your aid.
You may rarely emit foul miasma when damaged in melee.


Message History

Unknown command.
Unknown command.
Unknown command.
Unknown command.
The tarantella bites you!
You are more confused.
The tarantella closely misses you. x2
Unknown command.
Unknown command.
Unknown command.
Unknown command.
The jumping spider leaps!
The tarantella completely misses you. The tarantella bites you.
You are more confused.
The jumping spider leaps!
Unknown command.
Unknown command.
Unknown command.
You barely miss the tarantella. Your kick misses the tarantella.
The tarantella is heavily wounded.
The tarantella closely misses you. The tarantella misses you.
The tarantella bites you!
* * * LOW HITPOINT WARNING * * *
A demonic guardian appears!
The tarantella bites you but does no damage.
The tarantella closely misses you.
Unknown command.
Unknown command.
Unknown command.
You feel much better. The tarantella bites you!
You are more confused.
The tarantella closely misses you. The tarantella misses you.
Your white imp gestures at the tarantella.
The puff of frost hits the tarantella.
The jumping spider leaps!
You miss the tarantella. Your kick misses the tarantella.
The tarantella is heavily wounded.
The tarantella bites you!
* * * LOW HITPOINT WARNING * * *
The tarantella bites you!
You die...

▓▓▓▓▓▓▓▓▓▓▓▓▓▓▓▓▓▓
▓.8©8.▓.8©8.▓.8©8.
▓.)=:.▓...}.▓.....
▓..s..▓.....▓.[.|.
▓°....▓.....▓.....
▓.....▓.....▓.....
▓.s†..▓.....▓..©..
▓@s5..▓..©..▓▓▓▓▓▓
▓▓▓▓▓▓▓▓▓▓▓▓▓


You could see a jumping spider, 2 tarantellas and a friendly white imp
(summoned).

Vanquished Creatures
  A scorpion (D)
  A crimson imp (D)
  An iron imp (D)
  2 shadow imps (D)
  A white imp (D)
6 creatures vanquished.

Notes
Turn   | Place    | Note
-------+----------+-------------------------------------------
     0 | D        | ugugthedestroyer the Demonspawn Gladiator began the quest
                  | for the Orb.
     0 | D        | Reached XP level 1. HP: 16/16 MP: 1/1
     0 | D        | Found a blossoming altar of Fedhas.
     0 | D        | Found the +6 Majin-Bo {vamp, MP+6 Int+6}
     0 | D        | Found the +9 heavy crossbow "Sniper" {vorpal, Acc+∞ SInv}
     0 | D        | Found the +10 dark maul {vorpal}
     0 | D        | Found the +15 Maxwell's patent armour {-Cast -Tele rElec
                  | Will+ rCorr}
     0 | D        | Found the +18 shield of the Gong {rElec rN+ Will+ EV-5}
     0 | D        | Found the +14 obsidian axe {vorpal, Drain Fly SInv}
     0 | D        | Found the +7 great mace "Firestarter" {inner flame, rF++}
     0 | D        | Found the +6 shillelagh "Devastator" {shatter}
     0 | D        | Found the +11 plutonium sword {Contam Stlth-}
     0 | D        | Found the +8 lance "Wyrmbane" {slay drac, rPois rF+ rC+
                  | AC+3}
     0 | D        | Found the +9 sword of Zonguldrok {reap}
     0 | D        | Found the +13 scythe of Curses {drain, Drain}
     0 | D        | Found the +5 sword of Power {vorpal}
     0 | D        | Found the +7 mace of Variability {chain chaos}
     0 | D        | Found the +7 Singing Sword {vorpal, sonic wave}
     0 | D        | Found the +8 storm bow {elec, penet}
     2 | D        | Found a shimmering blue altar of Sif Muna.
     2 | D        | Found a sacrificial altar of Ru.
     2 | D        | Found a bloodstained altar of Trog.
     2 | D        | Found a stormy altar of Qazlal.
     2 | D        | Found an iron altar of Okawaru.
     2 | D        | Found a sparkling altar of Nemelex Xobeh.
     4 | D        | Found a transporter.
     4 | D        | Found an ancient bone altar of Kikubaaqudgha.
     4 | D        | Found a viscous altar of Jiyva.
     4 | D        | Found a corrupted altar of Lugonu.
     4 | D        | Found a hazy altar of Hepliaklqana.
     4 | D        | Found a burning altar of Makhleb.
     4 | D        | Found an opulent altar of Gozag.
    72 | D        | Became a worshipper of Makhleb the Destroyer
    80 | D        | Reached skill level 3 in Long Blades
    80 | D        | Gained mutation: You may rarely emit foul miasma when
                  | damaged in melee. [demonic ancestry]
    80 | D        | Reached XP level 2. HP: 26/26 MP: 1/4
    82 | D        | Entered arena 2.
    82 | D        | Noticed a crimson imp
    82 | D        | Found a transporter.
    85 | D        | Killed a crimson imp
    86 | D        | Reached skill level 4 in Long Blades
    86 | D        | Gained mutation: You have large cloven feet. [demonic
                  | ancestry]
    86 | D        | Reached XP level 3. HP: 24/31 MP: 1/5
   153 | D        | Entered arena 3.
   153 | D        | Found a transporter.
   157 | D        | Reached * piety under Makhleb
   159 | D        | Reached skill level 5 in Long Blades
   159 | D        | Reached ** piety under Makhleb
   160 | D        | Reached skill level 5 in Fighting
   160 | D        | Reached skill level 5 in Dodging
   160 | D        | Reached XP level 4. HP: 11/39 MP: 6/6
   165 | D        | Got Puvodaho's Grimoire of Companions
   370 | D        | Entered arena 4.
   370 | D        | Noticed a tarantella
   370 | D        | Noticed a tarantella
   370 | D        | Noticed a jumping spider
   370 | D        | Noticed a scorpion
   370 | D        | Found a transporter.
   372 | D        | Killed a scorpion
   373 | D        | Reached skill level 6 in Long Blades
   373 | D        | Gained mutation: A weak demonic guardian rushes to your
                  | aid. [demonic ancestry]
   373 | D        | Reached XP level 5. HP: 44/44 MP: 6/8
   378 | D        | Mangled by a tarantella

Illustrated notes

Levels and vault maps discovered:
D:        sprint_v [room_start, room_1, room_2, room_3, room_4, room_5, room_6,
          room_7, room_8, room_9, room_10, room_11, room_12, room_13, room_14,
          room_15, room_16, room_17, room_18, room_19, room_20, room_21,
          room_22, room_23, room_24, room_25, room_26, room_27]

Skill      XL: |  1  2  3  4 |
---------------+-------------+-----
Fighting       | 4 5 |  5.4
Long Blades    | 3 4 5 6 |  6.3
Armour         | 2 |  2.9
Dodging        | 3 4 5 |  5.7
Invocations    | 3 4 |  4.5
Evocations     | 2 |  2.4
Throwing       | |  1.7
Stealth        | |  0.2

Action                   |  1- 3 |  4- 6 || total
-------------------------+-------+-------++-------
Melee: Triple sword      |     7 |     4 ||    11
       Kick              |     1 |     1 ||     2
Invok: Minor Destruction |       |     1 ||     1
  Use: Potion            |     1 |     1 ||     2
Armor: Leather armour    |     4 |     1 ||     5
Dodge: Dodged            |     9 |    16 ||    25
       Rpst.: Triple sword |     2 |     2 ||     4
